 Dungeon Crawl Stone Soup version 0.26-a0-1147-g3780a7a11b (webtiles) character file.

Game seed: 2660184510307659632

100 Dracia the Grasshopper (level 4, 0/33 HPs)
             Began as a Demonspawn Warper on Dec 22, 2020.
             Slain by an ooze (2 damage)
             ... on level 2 of the Dungeon.
             The game lasted 00:02:28 (1839 turns).

Dracia the Grasshopper (Demonspawn Warper)          Turns: 1839, Time: 00:02:29

Health: 0/33       AC:  3    Str: 12    XL:     4   Next: 46%
Magic:  0/7        EV: 12    Int: 14    God:
Gold:   18         SH:  0    Dex: 13    Spells: 5/7 levels left

rFire    . . .     SeeInvis .     - Unarmed
rCold    . . .     Faith    .   (no shield)
rNeg     . . .     Spirit   +   b - +0 leather armour
rPois    .         Reflect  .   (no helmet)
rElec    .         Harm     .   i - scarf {+Inv}
rCorr    .         Rampage  .   (no gloves)
Will     .....                  (no boots)
Stlth    +.........             (no amulet)
HPRegen  0.11/turn              (no ring)
MPRegen  0.10/turn              (no ring)

@: no status effects
A: claws 1, magic shield
a: Evoke Invisibility


You were on level 2 of the Dungeon.
You visited 1 branch of the dungeon, and saw 2 of its levels.

You collected 18 gold pieces.


Innate Abilities, Weirdness & Mutations

You have sharp fingernails.
When hurt, damage is shared between your health and your magic reserves.


   Skills:
 - Level 2.0 Fighting
 - Level 2.0 Short Blades
 - Level 0.8 Throwing
 + Level 1.5 Armour
 - Level 1.7 Dodging
 * Level 2.3 Unarmed Combat
 - Level 2.0 Spellcasting
 + Level 3.5 Translocations


You had 5 spell levels left.
You knew the following spells:

 Your Spells              Type           Power        Failure   Level
I - Blink                 Tloc           N/A          11%         2

Your spell library contained the following spells:

 Spells                   Type           Power        Failure   Level
 Gell's Gravitas          Tloc           5%           21%         3
 Lesser Beckoning         Tloc           5%           21%         3
 Teleport Other           Tloc           11%          21%         3
 Passage of Golubria      Tloc           N/A          56%         4

Inventory:

Missiles
 e - 5 boomerangs of dispersal (quivered) {=f=f}
 g - 16 poisoned darts
Armour
 b - a +0 leather armour (worn)
 i - a scarf of invisibility (worn)
Scrolls
 c - 2 scrolls of amnesia {unknown}
 d - a scroll of blinking
 f - a scroll of teleportation {unknown}
 h - a scroll of remove curse {unknown}
 l - 2 scrolls of identify {unknown}
Potions
 a - a potion of curing {unknown}
 j - a potion of magic {unknown}
 k - a potion of heal wounds {unknown}

Dungeon Overview and Level Annotations

Branches:
Dungeon (2/15)

Altars:

Annotations:
D:2 Robin

# # # # #.. #
###... #### #
....g. ..# ##
#.... #.# ..
#...###.###.####
#####.g.gJ@)......
........ggg#......
####..J.g....####
#....#.##.#
#......# #
#.#..### #.#..#
#.#[.####.#
#..........


You could see Robin, 2 oozes, 2 hobgoblins and 3 goblins.


Message History

The ooze is heavily wounded.
The ooze hits you.
* * * LOW HITPOINT WARNING * * *
A hobgoblin comes into view. It is wielding a +0 club.
The hobgoblin shouts!
You hear a bark! 2 goblins come into view.
The goblin shouts! x2; You hear a shout! x3; You hear a bark!
Robin of the Strong Arm comes into view.
They are wielding a +0 short sword.
A goblin comes into view.
The goblin shouts!
You hear a bark!
You hear a shout!
You hear an angry hiss.
You hear a shout!
A hobgoblin comes into view. It is wielding a +0 club.
A goblin comes into view.
It is wielding a +0 dagger. 2 goblins come into view.
The goblin shouts! x2
The hobgoblin hits you but does no damage.
The goblin hits you but does no damage. Robin throws the goblin at you!
Robin throws the goblin at you! The goblin hits you but does no damage.
You see here a +0 club.
The goblin misses you. Robin throws the goblin at you!
The goblin hits you with a +0 dagger.
* * * LOW HITPOINT WARNING * * *
The goblin misses you.
You scratch the goblin.
You kill the goblin!
The goblin hits you.
* * * LOW HITPOINT WARNING * * *
The ooze hits you.
You die...

Skill      XL: |  1  2  3 |
---------------+----------+-----
Translocations | 3 |  3.5
Short Blades   | 2 |  2.0
Unarmed Combat | 1 2 |  2.3
Armour         | 1 |  1.5
Fighting       | |  2.0
Throwing       | |  0.8
Dodging        | |  1.7
Spellcasting   | |  2.0

Action                   |  1- 3 |  4- 6 || total
-------------------------+-------+-------++-------
Melee: Short sword       |    35 |       ||    35
       Unarmed           |   126 |     9 ||   135
Armor: Leather armour    |    68 |     2 ||    70
Dodge: Dodged            |   119 |     7 ||   126

Levels and vault maps discovered:
D:1:      saegor_arrival_miasma, layout_loops_ring
D:2:      cheibrodos_fertilizer, layout_loops_ring, serial_bayou_lagoon_a,
          uniq_robin

Notes
Turn   | Place    | Note
-------+----------+-------------------------------------------
     0 | D:1      | Dracia the Demonspawn Warper began the quest for the Orb.
     0 | D:1      | Reached XP level 1. HP: 16/16 MP: 3/3
   177 | D:1      | Reached skill level 3 in Translocations
   185 | D:1      | Reached skill level 2 in Short Blades
   212 | D:1      | Gained mutation: You have sharp fingernails. [demonic
                  | ancestry]
   212 | D:1      | Reached XP level 2. HP: 22/22 MP: 5/5
   783 | D:1      | Reached skill level 1 in Unarmed Combat
   990 | D:1      | Reached skill level 1 in Armour
   990 | D:1      | Reached XP level 3. HP: 5/27 MP: 6/6
  1456 | D:2      | Learned a level 2 spell: Blink
  1786 | D:2      | Reached skill level 2 in Unarmed Combat
  1786 | D:2      | Gained mutation: When hurt, damage is shared between your
                  | health and your magic reserves. [demonic ancestry]
  1786 | D:2      | Reached XP level 4. HP: 21/33 MP: 7/7
  1790 | D:2      | HP: 2/33 [acid (5)]
  1832 | D:2      | Noticed Robin
  1839 | D:2      | HP: 2/33 [goblin[Robin] (3)]
  1839 | D:2      | Slain by an ooze

Vanquished Creatures
  A jelly (D:2)
  A gnoll (D:1)
  An adder (D:2)
  2 oozes (D:2)
  A dart slug (D:1)
  A leopard gecko (D:2)
  8 bats
  6 goblins
  4 hobgoblins
  2 jackals (D:1)
  A frilled lizard (D:2)
  9 kobolds
  3 rats (D:1)
40 creatures vanquished.

Vanquished Creatures (others)
  5 fungi (D:2)
  57 plants (D:2)
  11 toadstools (D:2)
73 creatures vanquished.

Grand Total: 113 creatures vanquished

Table legend: (Time is in decaauts)
 A = Elapsed time spent in this place.
 B = Non-inter-level travel time spent in this place.
 C = Inter-level travel time spent in this place.
 D = Time resting spent in this place.
 E = Time spent auto-exploring this place.
 F = Levels seen in this place.
 G = Mean time per level.
                   A        B        C        D        E       F      G
               +--------+--------+--------+--------+--------+-----+--------+
         Total |   1836 |   1802 |     34 |    211 |   1268 |   2 |  918.0 |
       Dungeon |   1836 |   1802 |     34 |    211 |   1268 |   2 |  918.0 |
               +--------+--------+--------+--------+--------+-----+--------+

Top non-repeatable levels by time:
     D:1: 1340 daAuts
     D:2: 495 daAuts

Table legend:
 A = Non-vault XP
 B = Vault XP
 C = Vault XP percentage of total XP
 D = Non-vault monster count
 E = Vault monster count
 F = Vault count percentage of total count
                 A         B        C        D         E       F
            +---------+---------+-------+---------+---------+-------
      Total |      74 |      71 |  49.0 |      28 |      12 |  30.0
            +---------+---------+-------+---------+---------+-------
        D:1 |      50 |       0 |   0.0 |      21 |       0 |   0.0
        D:2 |      24 |      71 |  74.7 |       7 |      12 |  63.2
            +---------+---------+-------+---------+---------+-------
